 Dungeon Crawl Stone Soup version 0.19-a0-742-g4563caa (webtiles) character file.

129 Ijustatesigmund the Conjurer (level 4, -9/37 HPs)
             Began as a Draconian Conjurer on June 23, 2016.
             Was an Initiate of Cheibriados.
             Killed by nerve-wracking pain
             ... invoked by a shadow imp
             ... summoned by Natasha
              (13 damage)
             ... on level 3 of the Dungeon.
             The game lasted 00:06:10 (2087 turns).

Ijustatesigmund the Conjurer (Draconian Conjurer)   Turns: 2087, Time: 00:06:10

Health: -9/37      AC:  5    Str: 11    XL:     4   Next: 88%
Magic:  9/9        EV: 17    Int: 17    God:    Cheibriados [......]
Gold:   90         SH:  0    Dex: 18    Spells: 3 memorised, 4 levels left

rFire  . . .     SeeInvis .     e - +4 spear
rCold  . . .     Gourm    .     (armour unavailable)
rNeg   . . .     Faith    .     (no shield)
rPois  .         Spirit   .     (helmet restricted)
rElec  .         Dismiss  .     (no cloak)
rCorr  .         Reflect  .     (no gloves)
SustAt .         Harm     .     (no boots)
MR     .....                    (no amulet)
Stlth  +++.......               (no ring)
                                (no ring)

@: agile, very slow, not resistant to hostile enchantments, fairly stealthy
A: unfitting armour, cold-blooded, AC +5
a: Bend Time, Renounce Religion


You were on level 3 of the Dungeon.
You worshipped Cheibriados.
Cheibriados was noncommittal.
You were not hungry.

You visited 1 branch of the dungeon, and saw 3 of its levels.

You collected 90 gold pieces.

Inventory:

Hand Weapons
 e - a +4 spear (weapon)
Potions
 d - a potion of agility
 g - a potion of flight {unknown}
 h - a potion of magic
 i - a potion of invisibility
 j - a potion of ambrosia {unknown}
 k - a potion of mutation {unknown}
Books
 a - a book of Conjurations

   Spells                             Type                      Level
   a - Magic Dart                     Conjuration                  1
   b - Searing Ray                    Conjuration                  2
   c - Dazzling Spray                 Conjuration/Hexes            3
   d - Fulminant Prism                Conjuration/Hexes            4
   e - Iskenderun's Mystic Blast      Conjuration                  4
   f - Iskenderun's Battlesphere      Conjuration/Charms           5
Comestibles
 b - 4 bread rations
 f - 2 meat rations


   Skills:
 + Level 2.5 Fighting
 - Level 1.7 Dodging
 - Level 1.7 Stealth
 - Level 3.6 Spellcasting
 - Level 4.0 Conjurations
 + Level 1.4 Hexes
 + Level 0.0 Invocations


You had 4 spell levels left.
You knew the following spells:

 Your Spells              Type           Power        Failure   Level  Hunger
a - Magic Dart            Conj           ###.         3%          1    None
b - Searing Ray           Conj           ###...       6%          2    ##.....
c - Dazzling Spray        Conj/Hex       ##....       17%         3    ###....


Dungeon Overview and Level Annotations

Branches:
Dungeon (3/15)

Altars:
Cheibriados

Annotations:
D:3 Natasha, Sigmund


Innate Abilities, Weirdness & Mutations

Your plain brown scales are hard. (AC +5)
Your body does not fit into most forms of armour.
You are cold-blooded and may be slowed by cold attacks.


Message History

Sigmund zaps a wand.
The puff of flame misses you. The shadow imp gestures at you.
Pain shoots through your body!
* * * LOW HITPOINT WARNING * * *
Natasha hisses.
Natasha mumbles some strange words.
You feel less confused. Natasha misses you.
You see here a -3 war axe.
Natasha mumbles some strange words.
Natasha's fingertips start to glow.
The shadow imp hits you.
* * * LOW HITPOINT WARNING * * *
Natasha closely misses you. The shadow imp hits you.
* * * LOW HITPOINT WARNING * * *
You feel yourself speed up. The shadow imp gestures at you.
Pain shoots through your body!
You die...

.#.#...# #.#######
......##. #......... #
#..%..##.# #.# ...
...###..†..##.####÷###.....
.........@.................
......#....##.####.###.....
...##...)..##..............
. #....@####......÷....#
#..#..55@'.<.........#
####.#####..†...(...... #.#
#............. #+#
#.............
...............
...####....###.. ... #.....
.. ... ....#


You could see Sigmund and 2 shadow imps.

Vanquished Creatures
  Robin (D:2)
  3 adders
  2 oozes (D:1)
  2 worms
  A dart slug (D:1)
  2 giant geckos
  An orc (D:3)
  A ball python (D:1)
  6 bats
  4 giant cockroaches
  14 goblins
  6 hobgoblins
  6 jackals
  8 giant newts
  3 kobolds (D:2)
  11 rats
71 creatures vanquished.

Vanquished Creatures (others)
  A goblin (D:2)
1 creature vanquished.

Grand Total: 72 creatures vanquished

Notes
Turn   | Place    | Note
--------------------------------------------------------------
     0 | D:1      | Ijustatesigmund the Draconian Conjurer began the quest for the Orb.
     0 | D:1      | Reached XP level 1. HP: 14/14 MP: 3/3
   304 | D:1      | Reached XP level 2. HP: 20/20 MP: 3/5
   308 | D:1      | Learned a level 2 spell: Searing Ray
   638 | D:1      | Reached XP level 3. HP: 26/26 MP: 7/7
  1115 | D:2      | Learned a level 3 spell: Dazzling Spray
  1368 | D:2      | Reached skill level 1 in Fighting
  1368 | D:2      | Reached XP level 4. HP: 26/35 MP: 9/9
  1587 | D:2      | Reached skill level 1 in Hexes
  1644 | D:2      | Noticed Robin
  1821 | D:2      | Killed Robin
  1952 | D:2      | Found a snail-covered altar of Cheibriados.
  1963 | D:2      | Became a worshipper of Cheibriados the Contemplative
  2076 | D:3      | Noticed Natasha
  2078 | D:3      | Noticed Sigmund
  2087 | D:3      | Killed from afar by a shadow imp

Vault maps used:
D:1:      dpeg_cavernosity
D:2:      lemuel_coloured_pillars_altar, uniq_robin
D:3:      ecumenical_altar_2, glass_columns_a, uniq_natasha, uniq_sigmund,
          uniq_terence

Skill      XL: |  1  2  3  4 |
---------------+-------------+-----
Spellcasting   | 3 |  3.6
Fighting       | 1 2 |  2.5
Hexes          | 1 |  1.4
Dodging        | |  1.7
Stealth        | |  1.7
Conjurations   | |  4.0

Action                   |  1- 3 |  4- 6 || total
-------------------------+-------+-------++-------
Melee: Unarmed           |     8 |       ||     8
       Tailslap          |     6 |     8 ||    14
       Spear             |    74 |    74 ||   148
 Cast: Magic Dart        |    24 |       ||    24
       Searing Ray       |       |     3 ||     3
  Use: Scroll            |     4 |     4 ||     8
       Potion            |       |     1 ||     1
 Stab: Distracted        |     1 |       ||     1
       Sleeping          |       |     1 ||     1
  Eat: Chunk             |     2 |     2 ||     4
Armor: Skin              |    29 |    26 ||    55
Dodge: Dodged            |    41 |    64 ||   105
